[Event "*** Titled Tuesday Blitz"]
[Site "Chess.com"]
[Date "2020.05.19"]
[Round "10"]
[White "BakaPG"]
[Black "TST2014"]
[Result "1-0"]
[WhiteElo "2623"]
[BlackElo "2567"]
[TimeControl "180+1"]
[EndTime "13:56:24 PDT"]
[Termination "BakaPG won on time"]

1. e4 c5 2. Nf3 Nc6 3. Nc3 d6 4.
d4 cxd4 5. Nxd4 Nf6 6. f3 e5 7. Nb3 Be7 8. Be3 O-O 9. Qd2 a5 10. Bb5 Be6 11. Rd1 Qc7 12. a3 Na7 13. Bd3 Nc6 14.
Nb5 Qc8 15. c4 a4 16. Na1 Na5 17. Rc1 Nxc4 18. Bxc4 Bxc4 19. Qb4 d5 20. Qxe7 Qc6 21. Nd6 b5 22. Qxe5 Rfe8 23. Nxe8 Rxe8 24. Qd4 dxe4 25. Kf2 exf3 26. gxf3 Nd5 27. Nc2 f5 28. Nb4 Nxb4 29.
axb4 Qc7 30. Rce1 Rd8 31. Qc5 Qf7 32. Bg5 Rd3 33. Qc8+ Qf8 34. Re8 1-0

[Event "*** Titled Tuesday Blitz"]
[Site "Chess.com"]
[Date "2020.05.19"]
[Round "10"]
[White "TigranMukhutdinov"]
[Black "MariaFominykh"]
[Result "1-0"]
[WhiteElo "2477"]
[BlackElo "2350"]
[TimeControl "180+1"]
[EndTime "13:56:25 PDT"]
[Termination "TigranMukhutdinov won on time"]

1. Nf3 Nf6 2. g3 g6 3. b3 Bg7 4. Bb2 O-O 5. Bg2 d6 6. d4 a5 7.
O-O a4 8. c4 Nc6 9. bxa4 Bd7 10. Nc3 Na5 11. Qd3 Bf5 12. e4 Bg4 13. Nd2 e5 14. d5 Nd7 15. Nb3 Nb6 16. Nxa5 Rxa5 17. Ba3 Nxa4 18. Bb4 Ra6 19. Nxa4 Rxa4 20. Qb3 Qa8 21.
c5 dxc5 22. Bxc5 Rd8 23. Rfc1 b6 24. Be3 Ra7 25. h3 Bd7 26. a3 Bf8 27. Rc3 Ba4 28.
Qb2 Bd7 29. h4 Bd6 30. Bf1 Ra4 31. f3 f5 32. Bd3 f4 33. Bf2 fxg3 34. Bxg3 Re8 35. Bb5 Bc5+ 36. Rxc5 bxc5 37. Bxd7 Rb8 38. Qxe5 1-0

[Event "*** Titled Tuesday Blitz"]
[Site "Chess.com"]
[Date "2020.05.19"]
[Round "10"]
[White "SuperCheese"]
[Black "fabianvivasz"]
[Result "1-0"]
[WhiteElo "2545"]
[BlackElo "2312"]
[TimeControl "180+1"]
[EndTime "13:56:25 PDT"]
[Termination "SuperCheese won by checkmate"]

1. d4 Nf6 2. c4 g6 3. Nc3 d5 4. cxd5 Nxd5 5. e4 Nxc3 6. bxc3 Bg7 7. Nf3 c5 8. Be3 Qa5 9. Qd2 Nc6 10. Rb1 O-O 11. Rb5 cxd4 12. Rxa5 dxe3 13. Qxe3 Nxa5 14. Nd4 Bd7 15. Be2 Rac8 16. O-O Rc7 17. e5 Rfc8 18. e6 fxe6 19. Nxe6 Rxc3 20. Qe4 Bc6 21. Qb4 Rc2 22. Bg4 Bc3 23. Qxe7 Bd5 24. Ng5 Bg7 25. Bxc8 Rxc8 26. Qd7 Rc5 27. Re1 Bc6 28. Re8+ Bf8 29. Qxh7# 1-0

[Event "*** Titled Tuesday Blitz"]
[Site "Chess.com"]
[Date "2020.05.19"]
[Round "10"]
[White "mshuaau0"]
[Black "noblerone"]
[Result "1-0"]
[WhiteElo "2245"]
[BlackElo "2412"]
[TimeControl "180+1"]
[EndTime "13:56:25 PDT"]
[Termination "mshuaau0 won by resignation"]

1. e4 c5 2. Nf3 e6 3. d4 cxd4 4.
Nxd4 Qb6 5. Be2 Bc5 6. c3 e5 7.
Nf5 Bxf2+ 8. Kf1 d5 9. Nxg7+ Kf8 10. Bg4 Kxg7 11. Bxc8 Nf6 12. Bxb7 Qxb7 13. Kxf2 Nxe4+ 14. Kf1 Qa6+ 15. Qe2 Qxe2+ 16. Kxe2 Nd7 17. Nd2 Nxd2 18. Bxd2 f5 19. g4 fxg4 20. Rhg1 h5 21. h3 Nf6 22.
hxg4 Nxg4 23. Bg5 Rhf8 24. Bh4 Rab8 25. b3 Rb7 26. Rad1 Rd7 27. Rd2 Rf5 28. Rgd1 e4 29. c4 e3 30. Rxd5 Rdxd5 31. cxd5 Rxd5 32. Rxd5 Kf7 33. Rxh5 1-0

[Event "*** Titled Tuesday Blitz"]
[Site "Chess.com"]
[Date "2020.05.19"]
[Round "10"]
[White "HanSchut"]
[Black "OhanyanEminChess"]
[Result "0-1"]
[WhiteElo "2225"]
[BlackElo "2411"]
[TimeControl "180+1"]
[EndTime "13:56:25 PDT"]
[Termination "OhanyanEminChess won by resignation"]

1. e4 e5 2. Nf3 Nc6 3. Bc4 Nf6 4.
d4 exd4 5. e5 d5 6. Bb5 Ne4 7.
Nxd4 Bc5 8. Be3 O-O 9. Nxc6 bxc6 10. Bxc5 Nxc5 11. Bxc6 Rb8 12. Qxd5 Qe7 13. O-O Rxb2 14. Nc3 Rxc2 15. Qd4 Ne6 16. Qd3 Rb2 17. Qe3 Bd7 18.
Be4 Rfb8 19. Rfd1 Be8 20. Nd5 Qf8 21. Qg3 Kh8 22. Qh4 h6 23. Ne3 R8b4 24. Nd5 Ra4 25. f3 Bc6 26. Qg3 Rd4 27. Rdc1 Bxd5 28. Bxd5 Rxd5 29.
f4 Nd4 30. Qd3 Ne2+ 0-1

[Event "*** Titled Tuesday Blitz"]
[Site "Chess.com"]
[Date "2020.05.19"]
[Round "10"]
[White "Gerodot71"]
[Black "miruna_daria28"]
[Result "1-0"]
[WhiteElo "2399"]
[BlackElo "2273"]
[TimeControl "180+1"]
[EndTime "13:56:26 PDT"]
[Termination "Gerodot71 won by resignation"]

1. d4 f5 2. Bg5 g6 3. Nc3 Bg7 4. e4 fxe4 5. Nxe4 Nf6 6. Bxf6 exf6 7. Qd2 O-O 8. O-O-O f5 9. Nc3 d6 10. h4 h6 11.
Bc4+ Kh8 12. Nh3 Nc6 13. Nf4 Kh7 14. g4 Nxd4 15. h5 g5 16. Ng6 Nf3 17. Nxf8+ Qxf8 18. Qe2 Ne5 19. Bd3 Nxd3+ 20. Qxd3 Kh8 21. f3 Be6 22.
Rde1 Bg8 23. gxf5 Bh7 24. Nd5 Bxf5 25. Qb3 c6 26. Ne7 Bh7 27. Ng6+ Bxg6 28. hxg6 Be5 29. Qxb7 Bg7 30. Rxh6+ Kg8 31. Qf7+ Qxf7 32. gxf7+ Kxf7 33. Rxd6 Rb8 34. Rd7+ Kg8 35. c3 a5 36. Rg1 Rb5 37. Re1 Rf5 38. Re8+ Kh7 39. Ree7 1-0

[Event "*** Titled Tuesday Blitz"]
[Site "Chess.com"]
[Date "2020.05.19"]
[Round "10"]
[White "carvillshill"]
[Black "Harsha_Bharathakoti"]
[Result "1/2-1/2"]
[WhiteElo "2578"]
[BlackElo "2749"]
[TimeControl "180+1"]
[EndTime "13:56:27 PDT"]
[Termination "Game drawn by agreement"]

1. e4 c5 2. Nc3 Nc6 3. Bb5 Nd4 4.
Bc4 e6 5. Nge2 a6 6. Nxd4 cxd4 7. Ne2 Nf6 8. d3 b5 9. Bb3 Bc5 10. O-O O-O 11. Ng3 Bb7 12. f4 a5 13. a3 d5 14. e5 Nd7 15. f5 Nxe5 16. Bf4 Bd6 17.
Qe2 f6 18. fxe6 Re8 19. Nf5 Rxe6 20. Nxd4 Re8 21. Qh5 Qb6 22. c3 b4 23. axb4 axb4 24.
Rxa8 Rxa8 25. Kh1 bxc3 26. bxc3 Rc8 27. Qh3 Re8 28. Qg3 Bf8 29. h3 Qc5 30. Nf5 Kh8 31.
d4 Qb5 32. Rb1 Qd3 33. Qxd3 Nxd3 34. Bg3 g6 35. Nd6 Bxd6 36. Bxd6 Re1+ 37. Rxe1 Nxe1 38. Bg3 Nd3 39. c4 dxc4 40. Bxc4 Nb4 41. Bd6 Bd5 1/2-1/2

[Event "*** Titled Tuesday Blitz"]
[Site "Chess.com"]
[Date "2020.05.19"]
[Round "10"]
[White "zaur-mammadov"]
[Black "giantslayer83"]
[Result "1-0"]
[WhiteElo "2570"]
[BlackElo "2664"]
[TimeControl "180+1"]
[EndTime "13:56:28 PDT"]
[Termination "zaur-mammadov won by resignation"]

1. e4 e5 2. Nf3 Nc6 3. Nc3 Nf6 4. Be2 Bb4 5. Nd5 Ba5 6. c3 d6 7. a4 Bb6 8. d3 h6 9. O-O O-O 10. Nd2 a6 11. Nxb6 cxb6 12. Bf3 d5 13. exd5 Nxd5 14.
Re1 Re8 15. Nc4 Nf6 16. Be3 Bf5 17. Bxb6 Qxd3 18. Nd6 Re6 19. Nxb7 Qxd1 20. Raxd1 e4 21. Be2 Rb8 22. Bxa6 Ne5 23. a5 Ned7 24. Bc7 Rc8 25. Bd6 Ne8 26. Bb5 Ne5 27. a6 Nd3 28. Bxd3 exd3 29.
Rxe6 fxe6 30. Be5 Rc6 31. a7 Ra6 32. Bb8 e5 33. Nc5 Ra2 34. f3 e4 35. fxe4 Bg4 36.
Rxd3 Nf6 37. h3 Be2 38. Rd4 Kh7 39. Ra4 1-0

[Event "*** Titled Tuesday Blitz"]
[Site "Chess.com"]
[Date "2020.05.19"]
[Round "10"]
[White "chessablanca"]
[Black "Chess_Boxer123"]
[Result "1/2-1/2"]
[WhiteElo "2453"]
[BlackElo "2553"]
[TimeControl "180+1"]
[EndTime "13:56:28 PDT"]
[Termination "Game drawn - insufficient material"]

1. g3 d5 2. Bg2 e5 3. e3 c5 4. Ne2 Nc6 5. c4 Be6 6. O-O Nf6 7. cxd5 Bxd5 8. Nbc3 Bxg2 9. Kxg2 Qd3 10.
Qb3 b6 11. Qb5 Qxb5 12. Nxb5 O-O-O 13. a4 a6 14. Na3 Rd3 15. Nc4 Kb7 16. Ra3 Rxa3 17.
bxa3 Nd5 18. Bb2 f6 19. e4 Nc7 20. f4 exf4 21. Nxf4 Be7 22. Nd5 b5 23. axb5 axb5 24. Nce3 c4 25. Nxe7 Nxe7 26. e5 Rd8 27. Rf2 f5 28.
Kh3 g6 29. g4 Rd3 30. Kh4 Ncd5 31. Nxd5 Nxd5 32. gxf5 gxf5 33. Kg5 f4 34. e6 Kc6 35.
Kf5 f3 36. Ke4 Kd6 37. Kf5 h5 38. h4 Ne7+ 39. Kf6 Nd5+ 40. Kf5 b4 41. axb4 Nxb4 42. Be5+ Ke7 43. Bf6+ Kd6 44. Be5+ Ke7 45. Bf6+ Ke8 46. Ke4 Nd5 47. Bg5 Nc7 48. e7 Nd5 49. Rxf3 Rxf3 50. Kxf3 Nxe7 51. Ke4 Kd7 52. Bxe7 Kxe7 53. Kf5 Kd6 54.
Kg5 Kd5 55. Kxh5 Kd4 56. Kg6 Kd3 57. h5 Kxd2 58. h6 c3 59. h7 c2 60. h8=Q c1=Q 61. Qh6+ Kc2 62. Qxc1+ Kxc1 1/2-1/2

[Event "*** Titled Tuesday Blitz"]
[Site "Chess.com"]
[Date "2020.05.19"]
[Round "10"]
[White "DonBroca"]
[Black "pfalcon1949"]
[Result "1-0"]
[WhiteElo "2164"]
[BlackElo "1956"]
[TimeControl "180+1"]
[EndTime "13:56:31 PDT"]
[Termination "DonBroca won by checkmate"]

1. e4 e6 2. d4 d5 3. exd5 exd5 4. Bd3 Nf6 5. Ne2 Be7 6. O-O O-O 7. Bf4 b6 8. c3 Bb7 9. Nd2 Ne4 10. f3 Nxd2 11. Qxd2 Nd7 12. Rae1 Rc8 13. Ng3 c5 14.
Nf5 Re8 15. Bd6 Bf8 16. Rxe8 Qxe8 17. Re1 Qd8 18. Bxf8 Kxf8 19. Nd6 Rb8 20. Re8+ Qxe8 21. Nxe8 Rxe8 22. Bxh7 Nf6 23. Bf5 Bc8 24. Bxc8 Rxc8 25.
Kf2 Re8 26. g4 g6 27. g5 Nh5 28. dxc5 bxc5 29. Qxd5 Nf4 30. Qd6+ Kg8 31. Qxf4 c4 32. Qxc4 Rb8 33. b4 a5 34. a4 axb4 35. cxb4 Rd8 36. a5 Rd2+ 37. Kg3 Rd1 38. a6 Rg1+ 39. Kf2 Ra1 40. b5 Ra5 41. b6 Ra1 42. b7 Rb1 43.
Qc8+ Kg7 44. b8=Q Rxb8 45. Qxb8 Kh7 46. a7 f5 47. a8=Q f4 48. Qh8# 1-0

[Event "*** Titled Tuesday Blitz"]
[Site "Chess.com"]
[Date "2020.05.19"]
[Round "10"]
[White "novocane"]
[Black "Filip_Covic"]
[Result "0-1"]
[WhiteElo "2206"]
[BlackElo "2384"]
[TimeControl "180+1"]
[EndTime "13:56:32 PDT"]
[Termination "Filip_Covic won by resignation"]

1. d4 Nf6 2. c4 e6 3. Nc3 Bb4 4. e3 O-O 5. Ne2 d5 6. a3 Be7 7.
cxd5 exd5 8. Nf4 c6 9. Bd3 Na6 10. O-O Nc7 11. Bc2 Ne6 12. Nxe6 Bxe6 13. f3 c5 14. dxc5 Bxc5 15. Ne2 Re8 16. Nd4 Rc8 17.
b4 Bb6 18. Bb2 a5 19. Kh1 Bd7 20. Qd2 axb4 21. axb4 Qe7 22. Nf5 Bxf5 23. Bxf5 Bxe3 24. Qd3 Rcd8 25. Bxf6 Qxf6 26. Bxh7+ Kh8 27. Bf5 Bb6 28. Bh3 Re3 29. Qf5 Qxf5 30. Bxf5 Rde8 31. Rad1 d4 32. Be4 Re7 33. g4 g6 34. Rfe1 Rxe1+ 35.
Rxe1 f5 36. gxf5 gxf5 0-1

[Event "*** Titled Tuesday Blitz"]
[Site "Chess.com"]
[Date "2020.05.19"]
[Round "10"]
[White "szefru"]
[Black "Ural_bogatyr"]
[Result "0-1"]
[WhiteElo "2155"]
[BlackElo "2339"]
[TimeControl "180+1"]
[EndTime "13:56:33 PDT"]
[Termination "Ural_bogatyr won by checkmate"]

1. e4 e5 2. Nf3 Nc6 3. Bb5 Bc5 4.
O-O Nf6 5. Bxc6 dxc6 6. Nxe5 Nxe4 7. Qe2 Qd5 8. Nd3 O-O 9. Nf4 Qf5 10. d3 Nd6 11. Nc3 Re8 12. Qh5 Qxh5 13. Nxh5 Bg4 14. Ng3 Nf5 15. Bf4 Nd4 16. Rac1 Bd6 17. Bxd6 cxd6 18.
f3 Bd7 19. Kf2 d5 20. Nce2 Nxe2 21. Nxe2 f6 22. d4 Kf7 23. Nf4 g5 24. Nd3 b6 25.
Rce1 a5 26. f4 g4 27. Kg3 Re4 28. Rxe4 dxe4 29. Nf2 f5 30. Nd1 Be6 31. a3 Rd8 32. c3 c5 33. dxc5 Rd3+ 34. Kh4 bxc5 35. Kg5 a4 36.
Re1 Rd2 37. Ne3 h6+ 38. Kxh6 Kf6 39. h3 Rd8 40. Kh7 Bg8+ 41. Kh8 Bf7+ 42. Kh7 Bg6+ 43. Kh6 Rh8# 0-1

[Event "*** Titled Tuesday Blitz"]
[Site "Chess.com"]
[Date "2020.05.19"]
[Round "10"]
[White "dolynachess"]
[Black "Klavdia_Nik"]
[Result "1-0"]
[WhiteElo "2346"]
[BlackElo "2035"]
[TimeControl "180+1"]
[EndTime "13:56:33 PDT"]
[Termination "dolynachess won by resignation"]

1. d4 Nf6 2. c4 c5 3. d5 b5 4.
cxb5 a6 5. bxa6 Bxa6 6. Nc3 d6 7.
Nf3 g6 8. g3 Bg7 9. e4 Bxf1 10.
Kxf1 O-O 11. Kg2 Nbd7 12. a4 Qa5 13. Ra3 Rfb8 14. Qc2 Ng4 15. Bg5 Kf8 16. Bd2 Nge5 17. Nb5 Qb6 18. Nxe5 Nxe5 19. Bc3 Rb7 20. Re1 Nd7 21.
f4 f6 22. h4 Kf7 23. h5 Rbb8 24. Rh1 Rh8 25. Qd3 Qa6 26. Rf1 Rab8 27. e5 Nb6 28. e6+ Kg8 29. b3 Qb7 30. Rd1 f5 31.
Bxg7 Kxg7 32. Qc3+ Kg8 33. h6 1-0

[Event "*** Titled Tuesday Blitz"]
[Site "Chess.com"]
[Date "2020.05.19"]
[Round "10"]
[White "LionTheLeon_06"]
[Black "ZEN-22"]
[Result "0-1"]
[WhiteElo "2677"]
[BlackElo "2546"]
[TimeControl "180+1"]
[EndTime "13:56:35 PDT"]
[Termination "ZEN-22 won on time"]

1. d4 c5 2. d5 e6 3. e4 exd5 4.
exd5 d6 5. Nc3 Be7 6. a4 Nf6 7. Nf3 O-O 8. Be2 h6 9. O-O Re8 10. h3 Na6 11. Bf4 Nc7 12. Re1 Bf8 13. Qd2 Ne4 14.
Nxe4 Rxe4 15. Bg3 Bf5 16. Bd3 Rxe1+ 17. Rxe1 Bxd3 18. Qxd3 a6 19. Nd2 b5 20. a5 c4 21.
Qd4 Qd7 22. Ne4 Qf5 23. Rd1 Ne8 24. Re1 Rc8 25. f3 Nf6 26. Nxd6 Bxd6 27. Bxd6 Nxd5 28. Re5 Nf4 29. Qe4 Qxe4 30. Rxe4 Ne6 31. Bb4 Rd8 32. Re1 Nd4 33. c3 Nc2 34. Re2 Nxb4 35. cxb4 Rd3 36. Re8+ Kh7 37. Ra8 Rb3 38. Rxa6 Rxb4 39. Rc6 Rxb2 40. a6 Ra2 41. Rb6 c3 42. Rxb5 Ra1+ 43.
Kf2 c2 44. Rc5 c1=Q 0-1

[Event "*** Titled Tuesday Blitz"]
[Site "Chess.com"]
[Date "2020.05.19"]
[Round "10"]
[White "MergenKakabaev"]
[Black "PowerThinking2650"]
[Result "0-1"]
[WhiteElo "2423"]
[BlackElo "2319"]
[TimeControl "180+1"]
[EndTime "13:56:35 PDT"]
[Termination "PowerThinking2650 won by resignation"]

1. e4 e5 2. Nf3 Nc6 3. Bb5 a6 4. Ba4 Nf6 5. O-O Be7 6. Re1 b5 7. Bb3 d6 8. c3 O-O 9. h3 Bb7 10. d4 Re8 11. Nbd2 Bf8 12. Bc2 h6 13. a3 Nb8 14. Nf1 exd4 15. Qxd4 c5 16. Qd1 Nxe4 17. Bf4 Qf6 18. Bh2 Nd7 19. Ne3 Ng5 20. Nxg5 Qxg5 21.
Bg3 Nf6 22. h4 Qh5 23. Bxd6 Bxd6 24. Qxd6 Qxh4 25. Qxc5 Ng4 26. Qf5 Qh2+ 27. Kf1 Qh1+ 28. Ke2 Rxe3+ 29. fxe3 Qxg2+ 30. Kd1 Rd8+ 31. Kc1 Qd2+ 32.
Kb1 Qxe1+ 33. Ka2 Bd5+ 34. b3 Qxc3 35. Rd1 Bxb3+ 36. Bxb3 Rd2+ 37. Rxd2 Qxd2+ 38. Kb1 Qe1+ 39. Kb2 Qf2+ 40. Qxf2 Nxf2 41. Kc3 h5 42. Kd4 h4 43. Kc5 h3 44. Bd5 g6 45. Kb6 Kg7 46. Kxa6 f5 47.
Bf3 g5 48. Kxb5 g4 49. Bd5 Ne4 50. a4 Nc3+ 51. Kc4 Nxd5 52. Kxd5 h2 53. a5 h1=Q+ 54.
Ke5 Qa8 0-1

[Event "*** Titled Tuesday Blitz"]
[Site "Chess.com"]
[Date "2020.05.19"]
[Round "10"]
[White "TenisMaster"]
[Black "Lagmantr"]
[Result "1-0"]
[WhiteElo "2804"]
[BlackElo "2698"]
[TimeControl "180+1"]
[EndTime "13:56:37 PDT"]
[Termination "TenisMaster won by resignation"]

1. e4 c6 2. Nf3 d5 3. d3 dxe4 4.
dxe4 Qxd1+ 5. Kxd1 g6 6. Nfd2 Bg7 7. a4 f5 8. f3 Nf6 9. Bd3 Nbd7 10. exf5 Nc5 11. fxg6 Nxd3 12. cxd3 hxg6 13. Ne4 Bf5 14. Kc2 O-O-O 15. Na3 Nd5 16. Bd2 Nb6 17. a5 Na4 18. Bc3 Nxc3 19. bxc3 Rd5 20. Nc4 Kc7 21. h3 Rf8 22. Rhb1 Bxe4 23. dxe4 Rc5 24. Rb4 Rg5 25. Rg1 Rxf3 26. Rxb7+ Kxb7 27. Rb1+ Kc7 28. gxf3 Rg3 29. a6 Rxf3 30. Rb7+ Kd8 31. e5 Rf4 32. Kb3 Kc8 1-0

[Event "*** Titled Tuesday Blitz"]
[Site "Chess.com"]
[Date "2020.05.19"]
[Round "10"]
[White "CHESSMASTER759"]
[Black "florianschwabeneder"]
[Result "0-1"]
[WhiteElo "2652"]
[BlackElo "2539"]
[TimeControl "180+1"]
[EndTime "13:56:37 PDT"]
[Termination "florianschwabeneder won by resignation"]

1. e4 c5 2. c3 e6 3. d4 d5 4.
e5 Nc6 5. Nf3 Nh6 6. a3 f6 7. exf6 Qxf6 8. Bd3 Bd6 9. Bg5 Qf7 10. O-O O-O 11. Bxh6 gxh6 12. Nbd2 e5 13. dxe5 Nxe5 14. Nxe5 Bxe5 15. Qf3 Qxf3 16. Nxf3 Bg7 17.
Rfe1 Bd7 18. Re7 Rad8 19. Ne5 Bc8 20. c4 Rfe8 21. Rxe8+ Rxe8 22. f4 Bxe5 23. fxe5 d4 24. Re1 Kg7 25. Kf2 Rf8+ 26. Kg3 Be6 27. h3 Bf5 28. Bxf5 Rxf5 29. b3 Kf7 30. b4 b6 31.
bxc5 bxc5 32. Rb1 Rxe5 33. Rb7+ Re7 34. Rb5 d3 35. Rb1 d2 36. Rd1 Rd7 37. Kf2 Kf6 38. Ke3 Ke5 39. g4 a5 40. a4 Rd4 41. h4 Rd6 42. g5 hxg5 43. hxg5 Rd7 44. Ke2 Ke4 0-1

[Event "*** Titled Tuesday Blitz"]
[Site "Chess.com"]
[Date "2020.05.19"]
[Round "10"]
[White "Kezin_Roman"]
[Black "Joshukid"]
[Result "1-0"]
[WhiteElo "2746"]
[BlackElo "2563"]
[TimeControl "180+1"]
[EndTime "13:56:39 PDT"]
[Termination "Kezin_Roman won by resignation"]

1. h4 h6 2. h5 Nf6 3. a4 d5 4.
a5 Bg4 5. Ra4 Bxh5 6. b3 e6 7.
Rah4 Bg6 8. Nf3 Nbd7 9. e3 Be7 10. a6 b6 11. Bb2 c6 12. g4 Ne4 13. R4h2 Bf6 14.
Qc1 Qe7 15. d3 Nec5 16. Nbd2 Rg8 17. Ba3 e5 18. Nh4 Bxh4 19. Rxh4 O-O-O 20. Bg2 Qe6 21. Bb2 Nxa6 22. Qa1 Kb7 23. g5 hxg5 24. Ra4 Ndc5 25.
Ra3 Ra8 26. O-O Nb4 27. Rc1 a5 28. Bxe5 f6 29. Bg3 Rge8 30. c4 dxc4 31. Nxc4 Nbxd3 32. Nd6+ Ka6 33. Bxc6 Nxc1 34. Bb5+ Ka7 35. Rxa5+ 1-0

[Event "*** Titled Tuesday Blitz"]
[Site "Chess.com"]
[Date "2020.05.19"]
[Round "10"]
[White "DanielDardha2005"]
[Black "realmadridtv"]
[Result "1-0"]
[WhiteElo "2638"]
[BlackElo "2470"]
[TimeControl "180+1"]
[EndTime "13:56:39 PDT"]
[Termination "DanielDardha2005 won by resignation"]

1. Nf3 Nf6 2. c4 g6 3. Nc3 Bg7 4. e4 c5 5. d4 cxd4 6. Nxd4 Nc6 7. Nxc6 bxc6 8. e5 Ng8 9. Bf4 Rb8 10. Qd2 e6 11. Ne4 Ne7 12. Nf6+ Kf8 13. Bh6 d5 14. exd6 Nf5 15. Bxg7+ Kxg7 16. Ne4 c5 17. g4 Nd4 18. Bg2 Bb7 19. Nxc5 Bxg2 20. Qxd4+ e5 21. Qxe5+ Kh6 22. O-O-O Bxh1 23. Rxh1 Qg5+ 24. Qxg5+ Kxg5 25. h3 Kf4 26. Re1 h5 27. Nd3+ Kf3 28. Re3+ Kg2 29.
g5 Rhe8 30. Rxe8 Rxe8 31. c5 Rd8 32. Ne5 Re8 33. d7 Rxe5 34. d8=Q Rxc5+ 35. Kd2 Rf5 36. b4 Kxh3 37. Qd3+ Kg2 38. Qg3+ Kf1 39. Ke3 a5 40. Qh2 Rxg5 41. Qh1+ Rg1 42. Qh3+ Ke1 43. bxa5 Kd1 44. a6 Re1+ 45. Kd3 1-0

[Event "*** Titled Tuesday Blitz"]
[Site "Chess.com"]
[Date "2020.05.19"]
[Round "10"]
[White "TigrVShlyape"]
[Black "GHANDEEVAM2003"]
[Result "1-0"]
[WhiteElo "2844"]
[BlackElo "2908"]
[TimeControl "180+1"]
[EndTime "13:56:41 PDT"]
[Termination "TigrVShlyape won by resignation"]

1. d4 d5 2. Nf3 Nf6 3. Bf4 e6 4. e3 c5 5. c3 Nc6 6. Nbd2 cxd4 7. exd4 Nh5 8. Bg3 g6 9. Bd3 Bg7 10. O-O O-O 11. Re1 b6 12. Qe2 a5 13. a4 Bb7 14.
Rad1 Qd7 15. Bb5 Qe7 16. Ne5 Na7 17. Bd3 f6 18. Nxg6 hxg6 19. Bxg6 Nxg3 20. hxg3 e5 21.
Qh5 Rfd8 22. Nf3 e4 23. Nh4 Qc7 24. Bh7+ Kf8 25. Ng6+ Kf7 26. Nf4+ Ke7 27. Qg4 Bh8 28. f3 Bc8 29. Qh5 Kf8 30. fxe4 Qg7 31. Bg6 Rb8 32.
exd5 Rb7 33. d6 Nc6 34. Be4 Bd7 35. Ng6+ Kg8 36. Bd5+ 1-0

[Event "*** Titled Tuesday Blitz"]
[Site "Chess.com"]
[Date "2020.05.19"]
[Round "10"]
[White "Nayemhaque22"]
[Black "AliKa2810"]
[Result "1-0"]
[WhiteElo "2217"]
[BlackElo "2584"]
[TimeControl "180+1"]
[EndTime "13:56:41 PDT"]
[Termination "Nayemhaque22 won by resignation"]

1. e4 e5 2. Nf3 Nc6 3. Bb5 a6 4. Ba4 Nf6 5. O-O Be7 6. d3 b5 7.
Bb3 d6 8. a3 O-O 9. Nc3 Bg4 10.
Be3 Nd4 11. Bxd4 exd4 12. Nd5 Nd7 13. h3 Bxf3 14. Qxf3 c6 15. Nxe7+ Qxe7 16. Qg3 a5 17. f4 a4 18. Ba2 c5 19. Bd5 Rab8 20. Rae1 b4 21. e5 Nb6 22. Ba2 d5 23. f5 f6 24.
exf6 Qxf6 25. Re6 Qf7 26. Qd6 b3 27. cxb3 axb3 28. Bxb3 c4 29. Bc2 Rfd8 30. Qc5 Rd7 31. Qxd4 h6 32. Rg6 Nc8 33. Ba4 Ra7 34. Qe5 Rb6 35. Be8 Qf8 36. f6 Nd6 37. Qxd5+ Kh7 38. fxg7 1-0

[Event "*** Titled Tuesday Blitz"]
[Site "Chess.com"]
[Date "2020.05.19"]
[Round "10"]
[White "Konek-Gorbunok"]
[Black "Zarikovs1999"]
[Result "0-1"]
[WhiteElo "2272"]
[BlackElo "2402"]
[TimeControl "180+1"]
[EndTime "13:56:41 PDT"]
[Termination "Zarikovs1999 won on time"]

1. d4 g6 2. Nf3 Bg7 3. c4 Nf6 4. Nc3 d5 5. cxd5 Nxd5 6. Bd2 O-O 7. e4 Nb6 8. Be3 Nc6 9. Be2 Bg4 10. d5 Bxf3 11.
gxf3 Ne5 12. Bd4 e6 13. f4 Ned7 14. Bxg7 Kxg7 15. Qd4+ Kg8 16. O-O-O Qh4 17. Qe3 exd5 18. Nxd5 Nxd5 19. Rxd5 Nf6 20. Rd2 Ng4 21. Qg3 Qxg3 22. fxg3 Nf2 23. Re1 Nxe4 24. Rd7 Rfd8 25.
Rxc7 Rac8 26. Rxc8 Rxc8+ 27. Kd1 Kg7 28. Bf3 Nc5 29. Kd2 Rd8+ 30. Ke3 Re8+ 31. Kd2 Rd8+ 32. Ke3 b6 33. Re2 Rd3+ 34. Kf2 Rd1 35. Rc2 Ra1 36.
b4 Nd3+ 37. Ke3 Nxb4 38. Rc7 Rxa2 0-1

[Event "*** Titled Tuesday Blitz"]
[Site "Chess.com"]
[Date "2020.05.19"]
[Round "10"]
[White "Medvegy"]
[Black "TV27"]
[Result "1-0"]
[WhiteElo "2437"]
[BlackElo "2089"]
[TimeControl "180+1"]
[EndTime "13:56:42 PDT"]
[Termination "Medvegy won by resignation"]

1. g3 e5 2. Nf3 e4 3. Nh4 d5 4. d3 Be7 5. dxe4 Bxh4 6. gxh4 Qxh4 7.
exd5 Qe4 8. Rg1 Bf5 9. Nc3 Qe5 10.
Be3 Nd7 11. Qd4 Bxc2 12. Qxe5+ Nxe5 13. Nb5 O-O-O 14. Rc1 Ba4 15. Nxc7 Kb8 16. Bd4 f6 17.
Rxg7 Nh6 18. Bh3 Rhg8 19. Rg3 Nhg4 20. f4 Rc8 21. fxe5 fxe5 22. Rxg4 exd4 23. Rxg8 Rxg8 24.
Ne6 Bd7 25. Kd2 a5 26. Kd3 Ka7 27. Kxd4 Kb6 28. e4 Bb5 29. d6 Rg6 30. e5 Rh6 31.
Bf5 Rh4+ 32. Ke3 Rh5 33. Kf4 Rh4+ 34. Kg5 Rxh2 35. Nf4 Rxb2 36. e6 Rf2 37. d7 h6+ 38. Kf6 Rd2 39. Nd3 1-0

[Event "*** Titled Tuesday Blitz"]
[Site "Chess.com"]
[Date "2020.05.19"]
[Round "10"]
[White "2L8IWUN"]
[Black "NikolaGry"]
[Result "1/2-1/2"]
[WhiteElo "2545"]
[BlackElo "2631"]
[TimeControl "180+1"]
[EndTime "13:56:43 PDT"]
[Termination "Game drawn by repetition"]

1. Nf3 c5 2. e4 Nf6 3. Nc3 Nc6 4.
Bb5 e6 5. Bxc6 bxc6 6. e5 Nd5 7.
Ne4 f6 8. exf6 Nxf6 9. Nxf6+ Qxf6 10. O-O d6 11. d4 cxd4 12. Bg5 Qf5 13. Qxd4 h6 14.
Be3 c5 15. Qc4 Qd5 16. Qg4 e5 17. Qg6+ Qf7 18. Qe4 Bb7 19. Qa4+ Qd7 20. Qxd7+ Kxd7 21. Rfd1 Kc7 22. Nd2 d5 23. f3 Rc8 24. c3 Be7 25.
Bf2 Rhe8 26. Re1 Bd6 27. Bg3 Bc6 28. Re2 Rb8 29. b3 Re7 30. Rae1 Rbe8 31. h4 a5 32. c4 d4 33. Ne4 a4 34. Nxd6 Kxd6 35. Kh2 axb3 36. axb3 g5 37. hxg5 hxg5 38. Kg1 Re6 39. Kf2 R6e7 40. Kg1 Re6 41. Kf2 R6e7 42. Kg1 1/2-1/2

[Event "*** Titled Tuesday Blitz"]
[Site "Chess.com"]
[Date "2020.05.19"]
[Round "10"]
[White "AsaHoffmann"]
[Black "stoleriu"]
[Result "0-1"]
[WhiteElo "2404"]
[BlackElo "2544"]
[TimeControl "180+1"]
[EndTime "13:56:43 PDT"]
[Termination "stoleriu won on time"]

1. d4 e6 2. e4 d5 3. e5 c5 4. Nf3 Nc6 5. Bd3 cxd4 6. O-O Bc5 7. Bf4 Nge7 8. a3 a5 9. Nbd2 a4 10. Qe2 Bd7 11. h4 h6 12. h5 Nf5 13. b4 axb3 14. Nxb3 Bxa3 15. Bxf5 exf5 16. Nfxd4 Nxd4 17. Nxd4 Be7 18. e6 fxe6 19. Nxe6 Bxe6 20. Qxe6 Rc8 21. Rfe1 Qd7 22. Qg6+ Kf8 23. Re5 Bf6 24. Rxf5 Qf7 25. Qg4 Rd8 26. Be5 Rg8 27. Ra3 Bxe5 28. Rxf7+ Kxf7 29. Qg6+ Kf8 30. Rf3+ Bf6 31. Rxf6+ gxf6 32. Qxf6+ Ke8 33. Qe6+ Kf8 34. Qxh6+ Kf7 0-1

[Event "*** Titled Tuesday Blitz"]
[Site "Chess.com"]
[Date "2020.05.19"]
[Round "10"]
[White "Tashik"]
[Black "VALPARAISO37"]
[Result "0-1"]
[WhiteElo "2471"]
[BlackElo "2324"]
[TimeControl "180+1"]
[EndTime "13:56:43 PDT"]
[Termination "VALPARAISO37 won on time"]

1. c4 e6 2. Nf3 d5 3. g3 dxc4 4. Bg2 a6 5. a4 Nc6 6. O-O e5 7. b3 cxb3 8. Qxb3 Bc5 9. Bb2 Qe7 10.
Nc3 Nf6 11. Ng5 O-O 12. Bxc6 bxc6 13. Nge4 Bb4 14. Qc4 Nxe4 15. Nxe4 Bf5 16. d3 c5 17.
f4 exf4 18. Rxf4 Bg6 19. Rc1 Rab8 20. Ba1 a5 21. Rcf1 Qe6 22. Qxe6 fxe6 23. Ng5 Bf5 24. g4 Bd2 25. Rxf5 exf5 26. Ne6 fxg4 27. Nxf8 Rxf8 28.
Rxf8+ Kxf8 29. Kg2 h5 30. Kg3 Kf7 31. Be5 c6 32. e4 g5 33. Bd6 Be3 34. Bc7 Bd2 35. Bb6 Bb4 36. Bd8 Kg6 37. Kg2 h4 38. Kf2 Bc3 39. Kg2 Kh5 40. Bb6 h3+ 41. Kf2 Bb4 42.
Bc7 Kh4 0-1